 Dungeon Crawl Stone Soup version 0.20.1-1-g8b1a95d (webtiles) character file.

341 Linguinho the Chopper (level 6, -3/49 HPs)
             Began as a Demonspawn Fighter on Nov 9, 2017.
             Killed by divine providence
             ... invoked by an orc priest
              (11 damage)
             ... on level 4 of the Dungeon.
             The game lasted 00:03:36 (2634 turns).

Linguinho the Chopper (Demonspawn Fighter)          Turns: 2634, Time: 00:03:36

Health: -3/49      AC:  7    Str: 19    XL:     6   Next: 30%
Magic:  6/6        EV: 10    Int:  9    God:
Gold:   209        SH:  0    Dex: 12    Spells: 5/5 levels left

rFire    . . .     SeeInvis .   r - +2 quarterstaff (chaos)
rCold    . . .     Gourm    .   (shield currently unavailable)
rNeg     . . .     Faith    .   b - +0 scale mail
rPois    .         Spirit   .   (no helmet)
rElec    .         Reflect  .   (no cloak)
rCorr    .         Harm     .   (no gloves)
MR       .....                  (no boots)
Stlth    ..........             (no amulet)
Regen    0.2/turn               (no ring)
MPRegen  0.1/turn               (no ring)

@: no status effects
A: rugged brown scales 1, spiny 1
a: no special abilities


You were on level 4 of the Dungeon.
You were not hungry.

You visited 1 branch of the dungeon, and saw 4 of its levels.

You collected 209 gold pieces.

Inventory:

Hand Weapons
 a - a +0 war axe
 r - a +2 quarterstaff of chaos (weapon)
Armour
 b - a +0 scale mail (worn)
 c - a +0 shield
 s - a cursed +0 robe
Jewellery
 e - a cursed ring of teleportation {unknown}
 n - an uncursed amulet of guardian spirit {unknown}
Scrolls
 d - a scroll of teleportation {unknown}
 j - a scroll of identify {unknown}
 k - a scroll of immolation {unknown}
 m - a scroll of remove curse {unknown}
 p - 2 scrolls of blinking {unknown}
 t - a scroll of fear {unknown}
 w - a scroll of enchant armour {unknown}
Potions
 h - a potion of agility
 i - 3 potions of curing {unknown}
 l - a potion of might
 o - a potion of resistance {unknown}
Comestibles
 f - 4 bread rations
 g - a royal jelly
 q - 2 fruits
 u - a meat ration


   Skills:
 + Level 3.8 Fighting
 + Level 4.1 Axes
 + Level 0.5 Staves
 + Level 3.5 Armour
 + Level 1.0 Dodging
 + Level 3.7 Shields


You had 5 spell levels left.
You didn't know any spells.

Dungeon Overview and Level Annotations

Branches:
Dungeon (4/15)
 Temple: D:4-7

Altars:
Gozag


Innate Abilities, Weirdness & Mutations

You are partially covered in rugged brown scales. (AC +1, +3% HP)
You are partially covered in sharp spines.


Message History

The orc wizard points at you and mumbles some strange words.
The magic dart hits you!
An orc opens the door.
The orc priest closely misses you. The orc wizard casts a spell at you.
The magic dart hits you!
All of the chunks of flesh in your inventory have rotted away.
The orc priest invokes the aid of Beogh against you.
Beogh smites you!
The orc priest calls down the wrath of Beogh upon you.
Pain shoots through your body!
The orc wizard mumbles some strange words.
The orc wizard blinks!
The orc priest invokes the aid of Beogh against you.
Beogh smites you!
* * * LOW HITPOINT WARNING * * *
The orc wizard mumbles some strange words.
The orc wizard blinks!
The orc priest calls down the wrath of Beogh upon you.
Beogh smites you!
You die...

#. # #############.
#.####...##........
โ‰ˆ#........##@## ### #
โ‰ˆ........o....# #.###.#
โ‰ˆ.........##..###.#..
......)oo...........## #
......o...........##.# .###
..>...#.#.....##..##.###..##.
......'.#.....ยง...........##.
.[....#.#.....##..##.......#.
..............##.....# # #<


You could see 2 orc priests, an orc wizard and an orc.

Vanquished Creatures
  Sigmund (D:2)
  Crazy Yiuf (D:2)
  Jessica (D:3)
  Natasha (twice) (D:2)
  2 adders (D:3)
  An ooze (D:2)
  4 worms
  A dart slug (D:2)
  A leopard gecko (D:2)
  2 orcs (D:4)
  2 giant cockroaches (D:2)
  6 goblins
  7 hobgoblins
  A quokka (D:2)
  A ball python (D:3)
  4 bats
  4 frilled lizards
  8 kobolds
  2 rats (D:3)
51 creatures vanquished.

Notes
Turn   | Place    | Note
-------+----------+-------------------------------------------
     0 | D:1      | Linguinho the Demonspawn Fighter began the quest for the Orb.
     0 | D:1      | Reached XP level 1. HP: 18/18 MP: 1/1
   270 | D:1      | Reached skill level 2 in Axes
   446 | D:1      | You fall through a shaft!
   575 | D:2      | Gained mutation: You are partially covered in rugged brown scales. (AC +1, +3% HP) [demonic ancestry]
   575 | D:2      | Reached XP level 2. HP: 6/24 MP: 2/2
   795 | D:2      | Noticed Sigmund
   803 | D:2      | Killed Sigmund
   803 | D:2      | Reached skill level 3 in Axes
   803 | D:2      | Reached XP level 3. HP: 19/30 MP: 3/3
   803 | D:2      | Reached XP level 4. HP: 25/38 MP: 4/4
   803 | D:2      | Reached XP level 5. HP: 28/43 MP: 5/5
  1321 | D:2      | Found an opulent altar of Gozag.
  1334 | D:2      | Noticed Natasha
  1343 | D:2      | Killed Natasha
  1368 | D:2      | Found a runed door.
  1523 | D:2      | Reached skill level 1 in Dodging
  1608 | D:2      | Noticed Natasha
  1622 | D:2      | Killed Natasha
  1741 | D:2      | Noticed Crazy Yiuf
  1747 | D:2      | Killed Crazy Yiuf
  1747 | D:2      | Gained mutation: You are partially covered in sharp spines. [demonic ancestry]
  1747 | D:2      | Reached XP level 6. HP: 26/49 MP: 6/6
  2387 | D:3      | Noticed Jessica
  2395 | D:3      | Killed Jessica
  2395 | D:3      | Reached skill level 4 in Axes
  2634 | D:4      | Killed from afar by an orc priest

Skill      XL: |  1  2  3  4  5  6 |
---------------+-------------------+-----
Axes           | 2 3 4 |  4.1
Armour         | 3 |  3.5
Shields        | 3 |  3.7
Dodging        | 1 |  1.0
Fighting       | |  3.8
Staves         | |  0.5

Action                   |  1- 3 |  4- 6 || total
-------------------------+-------+-------++-------
Melee: War axe           |    42 |    98 ||   140
       Quarterstaff      |       |    30 ||    30
  Use: Potion            |     1 |       ||     1
 Stab: Confused          |       |     1 ||     1
  Eat: Chunk             |       |     6 ||     6
Armor: Scale mail        |    26 |    42 ||    68
Dodge: Dodged            |     9 |    37 ||    46
Block: Shield            |    19 |    41 ||    60
